 Dungeon Crawl Stone Soup version 0.24.0-13-gcf9b319 (webtiles) character file.

Game seed: 6259374494296967050, levelgen mode: deterministic

125 Chrisjfl the Slasher (level 5, -4/30 HPs)
             Began as a Tengu Gladiator on Mar 23, 2020.
             Was an Initiate of Okawaru.
             Slain by Grinder (5 damage)
             ... while paralysed by Grinder
             ... on level 5 of the Dungeon.
             The game lasted 00:04:22 (2394 turns).

Chrisjfl the Slasher (Tengu Gladiator)              Turns: 2394, Time: 00:04:23

Health: -4/30      AC:  5    Str: 16    XL:     5   Next: 9%
Magic:  6/6        EV:  2    Int:  8    God:    Okawaru [......]
Gold:   166        SH:  0    Dex: 15    Spells: 4/4 levels left

rFire    . . .     SeeInvis .   a - +0 long sword
rCold    . . .     Gourm    .   (no shield)
rNeg     . . .     Faith    .   n - +0 ring mail
rPois    .         Spirit   .   c - +0 hat
rElec    .         Reflect  .   (no cloak)
rCorr    .         Harm     .   (no gloves)
MR       .....                  (boots unavailable)
Stlth    +.........             (no amulet)
HPRegen  0.10/turn              (no ring)
MPRegen  0.10/turn              (no ring)

@: paralysed, lethally poisoned (-4 -> -18), flying quickly and evasively, quick
A: beak, talons 3, able to fly
a: Stop Flying, Renounce Religion


You were on level 5 of the Dungeon.
You worshipped Okawaru.
Okawaru was noncommittal.
You were not hungry.

You visited 1 branch of the dungeon, and saw 5 of its levels.

You collected 166 gold pieces.

Inventory:

Hand Weapons
 a - a +0 long sword (weapon)
 l - a +0 short sword
Missiles
 d - 3 throwing nets
 e - 102 stones
 o - 10 poisoned darts (quivered)
Armour
 b - a +0 leather armour
 c - a +0 hat (worn)
 n - a +0 ring mail (worn)
Scrolls
 g - a scroll of enchant armour {unknown}
 i - 6 scrolls of identify {unknown}
 j - a scroll of noise {unknown}
 k - 2 scrolls of blinking {unknown}
 p - a scroll of magic mapping {unknown}
 q - a scroll of teleportation {unknown}
 r - a scroll of fog {unknown}
 s - a scroll of random uselessness {unknown}
 t - a scroll of remove curse {unknown}
 u - a scroll of amnesia {unknown}
Potions
 h - 2 potions of heal wounds {unknown}
 m - a potion of flight {unknown}
 v - a potion of curing {unknown}
Comestibles
 f - 3 rations
 w - 11 chunks of flesh


   Skills:
 - Level 2.0 Fighting
 + Level 6.2 Long Blades
 - Level 2.0 Throwing
 - Level 3.2 Dodging


You had 4 spell levels left.
You didn't know any spells.
Your spell library was empty.

Dungeon Overview and Level Annotations

Branches:
Dungeon (6/15)
 Temple: D:4-7

Altars:
Gozag
Okawaru

Annotations:
D:5 Grinder


Innate Abilities, Weirdness & Mutations

You have a beak for a mouth.
You have claws for feet.
You can fly continuously.


Message History

Unknown command.
You hit the worker ant.
The worker ant is heavily wounded.
You feel sick.
The worker ant bites you but does no damage.
Grinder gestures at you.
You suddenly lose the ability to move!
The worker ant bites you.
You are more poisoned.
The worker ant poisons you!
You feel sick.
The worker ant bites you but does no damage.
Grinder hits you!
You writhe in agony.
You feel sick. The worker ant bites you.
* * * LOW HITPOINT WARNING * * *
Grinder hits you but does no damage.
* * * LOW HITPOINT WARNING * * *
You feel sick. The worker ant bites you.
* * * LOW HITPOINT WARNING * * *
Grinder hits you.
You die...

##.....##
##.......##
#.........#
+.........+
#.........#
#.......#
#5..".#
#@a.# ##+##


You could see Grinder and a worker ant.

Vanquished Creatures
  6 adders
  A worm (D:3)
  2 dart slugs
  2 leopard geckos
  2 orcs (D:3)
  4 giant cockroaches
  7 goblins
  9 hobgoblins
  6 jackals
  A ball python (D:3)
  6 bats
  A frilled lizard (D:1)
  7 kobolds
  3 rats
57 creatures vanquished.

Notes
Turn   | Place    | Note
-------+----------+-------------------------------------------
     0 | D:1      | Chrisjfl the Tengu Gladiator began the quest for the Orb.
     0 | D:1      | Reached XP level 1. HP: 12/12 MP: 2/2
    17 | D:1      | Reached XP level 2. HP: 8/17 MP: 3/3
   204 | D:1      | Reached skill level 4 in Long Blades
   450 | D:1      | Reached XP level 3. HP: 10/21 MP: 4/4
  1200 | D:2      | Reached skill level 5 in Long Blades
  1325 | D:2      | Reached XP level 4. HP: 26/26 MP: 5/5
  1492 | D:2      | Found an iron altar of Okawaru.
  1506 | D:2      | Became a worshipper of Warmaster Okawaru
  1886 | D:3      | Reached skill level 6 in Long Blades
  2248 | D:3      | Gained mutation: You can fly continuously. [Tengu growth]
  2248 | D:3      | Reached XP level 5. HP: 27/30 MP: 6/6
  2310 | D:3      | Found an opulent altar of Gozag.
  2347 | D:3      | You are sucked into a shaft and drop 3 floors!
  2349 | D:6      | Noticed an ogre
  2390 | D:5      | Entered Level 5 of the Dungeon
  2390 | D:5      | Noticed Grinder
  2391 | D:5      | Paralysed by Grinder for 4 turns
  2394 | D:5      | HP: 1/30 [worker ant (4)]
  2394 | D:5      | Slain by Grinder

Levels and vault maps discovered:
D:1:      ncdulo_watergridlock, layout_basic, minmay_pentomino_r2
D:2:      layout_rooms, kennysheep_okawaru_gauntlet,
          chequers_serial_rivers_room_b
D:3:      layout_basic, overflow_temple_1_default, led_sif_book,
          nicolae_qazlal_style_of_elements, old_standard_altar,
          minmay_door_square
D:5:      minmay_opposing_rooms, layout_loops_corners, kennysheep_mini_moat,
          kennysheep_little_box, vehumet_crystals, hangedman_feature_mirror,
          uniq_crazy_yiuf_cottage, uniq_grinder, uniq_duvessa
D:6:      hangedman_cross_stitches, layout_basic, marbit_many_paths,
          nicolae_ru_the_path_less_chosen, serial_shops, shop

Skill      XL: |  1  2  3  4 |
---------------+-------------+-----
Long Blades    | 4 5 6 |  6.2
Fighting       | |  2.0
Throwing       | |  2.0
Dodging        | |  3.2

Action                   |  1- 3 |  4- 6 || total
-------------------------+-------+-------++-------
Melee: Long sword        |    58 |    48 ||   106
       Kick              |    16 |    16 ||    32
       Peck              |     6 |     6 ||    12
Throw: Stone             |     9 |       ||     9
 Abil: Fly               |       |     1 ||     1
  Eat: Chunk             |     1 |     4 ||     5
Armor: Leather armour    |    14 |       ||    14
       Ring mail         |       |    24 ||    24
Dodge: Dodged            |    30 |    46 ||    76
       Rpst.: Long sword |    11 |    12 ||    23
